 Dungeon Crawl Stone Soup version 0.21.1-1-g345015f (webtiles) character file.

73 prawnwizard the Insei (level 4, -7/29 HPs)
             Began as an Octopode Transmuter on July 22, 2018.
             Mangled by a gnoll (9 damage)
             ... on level 2 of the Dungeon.
             The game lasted 00:01:59 (1677 turns).

prawnwizard the Insei (Octopode Transmuter)         Turns: 1677, Time: 00:02:01

Health: -7/29      AC: -3    Str:  9    XL:     4   Next: 27%
Magic:  1/7        EV: 14    Int: 15    God:
Gold:   71         SH:  0    Dex: 13    Spells: 1/7 levels left

rFire    . . .     SeeInvis .     - Unarmed
rCold    . . .     Gourm    .   (no shield)
rNeg     . . .     Faith    .   (helmet restricted)
rPois    .         Spirit   .   (no amulet)
rElec    .         Reflect  .   j - -4 ring of protection (curse)
rCorr    .         Harm     .   (no ring)
MR       .....                  (no ring)
Stlth    ++........             (no ring)
HPRegen  0.09/turn              (no ring)
MPRegen  0.10/turn              (no ring)
                                (no ring)
                                (no ring)

@: very slightly contaminated
A: almost no armour, stealthy swim, amphibious, 8 rings, constrict 8, camouflage
1, gelatinous body 1
a: no special abilities


You were on level 2 of the Dungeon.
You were hungry.

You visited 1 branch of the dungeon, and saw 2 of its levels.

You collected 71 gold pieces.

Inventory:

Missiles
 a - 21 arrows
Jewellery
 j - a cursed -4 ring of protection (left tentacle)
Scrolls
 e - a scroll of identify {unknown}
Potions
 d - 2 potions of berserk rage {unknown}
 f - 2 potions of lignification {unknown}
 g - 2 potions of heal wounds {unknown}
 i - 2 potions of resistance {unknown}
Books
 b - a book of Changes

   Spells                             Type                      Level
   a - Beastly Appendage              Transmutation                1
   b - Sticks to Snakes               Transmutation                2
   c - Spider Form                    Transmutation/Poison         3
   d - Ice Form                       Ice/Transmutation            4
   e - Blade Hands                    Transmutation                5
Comestibles
 c - 4 rations


   Skills:
 + Level 1.8 Fighting
 + Level 2.5 Dodging
 * Level 3.8 Unarmed Combat
 + Level 2.4 Spellcasting
 + Level 2.4 Transmutations


You had one spell level left.
You knew the following spells:

 Your Spells              Type           Power        Failure   Level  Hunger
a - Beastly Appendage     Tmut           #.....       8%          1    #......
b - Sticks to Snakes      Tmut           #.......     12%         2    ###....
c - Spider Form           Tmut/Pois      #.........   36%         3    ###....


Dungeon Overview and Level Annotations

Branches:
Dungeon (2/15)

Altars:


Innate Abilities, Weirdness & Mutations

You cannot wear most types of armour.
You are very stealthy in the water. (Stealth+)
You are amphibious.
You can wear up to eight rings at the same time.
You can use your tentacles to constrict eight enemies at once.
Your skin changes colour to match your surroundings (Stealth+).
Your rubbery body absorbs attacks. (AC +1, EV +1)


Message History

Things that are here:
a flail; a gnoll corpse You closely miss the gnoll.
Your grab misses the gnoll. You squeeze the gnoll.
The gnoll is heavily wounded.
The gnoll hits you!
You tentacle-slap the gnoll. Your grab misses the gnoll.
The gnoll is severely wounded.
The gnoll hits you.
You swap places.
Your adder barely misses the gnoll.
The gnoll hits your adder.
You see here a flail.
You swap places.
The gnoll hits you with a club. The gnoll barely misses you.
Things that are here:
a flail; a gnoll corpse You completely miss the gnoll.
You grab the gnoll.
You squeeze the gnoll, but do no damage.
The gnoll is severely wounded.
You constrict the gnoll. The gnoll hits you with a club!
* * * LOW HITPOINT WARNING * * *
The gnoll hits you!
You die...

#.# #.......... .#
#.#####.##....##. .g
#...##..#####.### #.
###....## #.### #g ######
#.... #g #.### #. #.# #
#.################.###
####...g@S...............
.........g############..###
..######....##########.## #
####............####
#######..#.###...
#####.......###.##
##............##.##
##########..###............#
#...........................


You could see 2 gnolls and a friendly adder.

Vanquished Creatures
  2 gnolls (D:2)
  2 adders (D:2)
  A worm (D:2)
  2 leopard geckos (D:2)
  2 giant cockroaches
  6 goblins (D:1)
  3 hobgoblins
  5 kobolds
  A quokka (D:2)
  3 bats
  3 frilled lizards
  4 rats (D:1)
34 creatures vanquished.

Notes
Turn   | Place    | Note
-------+----------+-------------------------------------------
     0 | D:1      | prawnwizard the Octopode Transmuter began the quest for the Orb.
     0 | D:1      | Reached XP level 1. HP: 13/13 MP: 3/3
     3 | D:1      | Noticed an electric eel
     3 | D:1      | Noticed an electric eel
   420 | D:1      | Reached XP level 2. HP: 7/18 MP: 5/5
  1218 | D:2      | Reached XP level 3. HP: 23/23 MP: 6/6
  1517 | D:2      | Reached XP level 4. HP: 20/29 MP: 7/7
  1617 | D:2      | Learned a level 2 spell: Sticks to Snakes
  1621 | D:2      | Learned a level 3 spell: Spider Form
  1677 | D:2      | Mangled by a gnoll

Action                   |  1- 3 |  4- 6 || total
-------------------------+-------+-------++-------
Melee: Unarmed           |    75 |     4 ||    79
       Constrict         |    22 |     1 ||    23
       Tentacles         |    10 |     3 ||    13
       Punch             |     1 |       ||     1
 Cast: Sticks to Snakes  |       |     2 ||     2
  Use: Scroll            |     3 |       ||     3
 Stab: Sleeping          |     9 |       ||     9
  Eat: Chunk             |     2 |       ||     2
Armor: Skin              |     4 |       ||     4
Dodge: Dodged            |    41 |     1 ||    42
